 Dungeon Crawl Stone Soup version 0.23.2-40-g277498a001 (webtiles) character file.

Game seed: 13372958115623297058

58 Descartes the Skirmisher (level 4, 0/37 HPs)
             Began as a Formicid Abyssal Knight on Sept 24, 2019.
             Was a Follower of Lugonu.
             Succumbed to an adder's poison
             ... on level 2 of the Dungeon.
             The game lasted 00:06:19 (1524 turns).

Descartes the Skirmisher (Formicid Abyssal Knight)  Turns: 1524, Time: 00:06:19

Health: 0/37       AC:  6    Str: 21    XL:     4   Next: 21%
Magic:  6/6        EV: 15    Int: 11    God:    Lugonu [*.....]
Gold:   163        SH:  0    Dex: 15    Spells: 3/3 levels left

rFire    . . .     SeeInvis +   j - +0 broad axe
rCold    . . .     Gourm    .   (no shield)
rNeg     . . .     Faith    .   m - +0 scale mail
rPois    .         Spirit   .   (helmet unavailable)
rElec    .         Reflect  .   (no cloak)
rCorr    .         Harm     .   (no gloves)
MR       .....                  (no boots)
Stlth    +.........             o - amulet of the acrobat
HPRegen  0.12/turn              l - +3 ring of strength
MPRegen  0.10/turn              (no ring)

@: agile, lethally poisoned (0 -> -3)
A: permanent stasis, dig shafts and tunnels, four strong arms, antennae 3
a: Dig, Shaft Self, Depart the Abyss, Renounce Religion


You were on level 2 of the Dungeon.
You worshipped Lugonu.
Lugonu was aware of your devotion.
You were not hungry.

You visited 1 branch of the dungeon, and saw 3 of its levels.
You visited the Abyss 1 time.

You collected 163 gold pieces.

Inventory:

Hand Weapons
 a - a +1 hand axe
 j - a +0 broad axe (weapon)
Missiles
 f - 60 stones (quivered)
 i - 4 curare-tipped needles
Armour
 b - a +0 leather armour
 m - a +0 scale mail (worn)
Jewellery
 l - a +3 ring of strength (left hand)
 o - an amulet of the acrobat (around neck)
Wands
 k - a wand of iceblast (10)
Scrolls
 e - a scroll of fog {unknown}
 g - 3 scrolls of remove curse {unknown}
 n - a scroll of blinking {unknown}
 q - 2 scrolls of identify {unknown}
Potions
 d - a potion of brilliance {unknown}
 h - 2 potions of agility
 r - a potion of ambrosia {unknown}
Comestibles
 c - 7 rations
 p - 2 chunks of flesh


   Skills:
 + Level 3.8 Fighting
 + Level 2.5 Axes
 + Level 2.7 Armour
 + Level 1.5 Dodging
 + Level 2.9 Invocations


You had 3 spell levels left.
You didn't know any spells.
Your spell library contained the following spells:

 Spells                   Type           Power        Failure   Level  Hunger
 Magic Dart               Conj           #...         67%         1    ##.....
 Call Imp                 Summ           #.......     82%         2    ###....
 Slow                     Hex            #.......     82%         2    ###....
 Conjure Flame            Conj/Fire      #.......     96%         3    ####...
 Mephitic Cloud           Conj/Pois/Air  #.......     96%         3    ####...
 Blink                    Tloc           Unusable     N/A         2    N/A

Dungeon Overview and Level Annotations

Branches:
Dungeon (3/15)

Altars:
Xom


Innate Abilities, Weirdness & Mutations

You cannot be hasted, slowed, berserked, paralysed or teleported.
You can dig through walls and to a lower floor.
Your four strong arms can wield two-handed weapons with a shield.
You have a pair of large antennae on your head. (SInv)


Message History

* * * LOW HITPOINT WARNING * * *
You are lethally poisoned!
The adder poisons you! The adder barely misses you.
You miss the adder.
The adder is severely wounded.
* * * LOW HITPOINT WARNING * * *
You feel sick. The adder closely misses you. The adder bites you.
* * * LOW HITPOINT WARNING * * *
You slice the adder!!
You kill the adder!
Lugonu accepts your kill.
* * * LOW HITPOINT WARNING * * *
You feel sick.
You see here an adder corpse.
You butcher the adder corpse.
Things that are here:
a chunk of flesh; an adder skeleton It was a potion of agility.
You feel agile all of a sudden.
You die...

## #< #. #. #. #.
###.##### #....@..#
#.#.###.# #. #.# ##
#.# #.#
##############.##
#...............#
#####.###############
...>#.#


There were no monsters in sight!

Vanquished Creatures
  An adder (D:2)
  4 dart slugs
  2 leopard geckos (D:2)
  3 giant cockroaches
  3 goblins
  7 hobgoblins
  A quokka (D:3)
  6 bats
  3 frilled lizards
  4 kobolds (D:1)
  5 rats
39 creatures vanquished.

Notes
Turn   | Place    | Note
-------+----------+-------------------------------------------
     0 | Abyss:1  | Descartes the Formicid Abyssal Knight began the quest for
                  | the Orb.
     0 | Abyss:1  | Reached XP level 1. HP: 18/18 MP: 2/2
    38 | Abyss:1  | Found a corrupted altar of Lugonu.
   167 | Abyss:1  | Noticed a crystal guardian
   167 | Abyss:1  | Noticed a large abomination
   201 | Abyss:2  | Noticed a freezing wraith
   206 | Abyss:2  | Noticed a small abomination
   236 | Abyss:3  | Noticed a jelly
   238 | Abyss:3  | Noticed a large abomination
   272 | D:1      | Escaped the Abyss
   476 | D:1      | Reached * piety under Lugonu
   476 | D:1      | Reached skill level 1 in Dodging
   521 | D:1      | Reached XP level 2. HP: 21/24 MP: 3/3
   648 | D:1      | Reached XP level 3. HP: 29/29 MP: 4/4
  1167 | D:2      | Found a shimmering altar of Xom.
  1173 | D:2      | Found a shimmering altar of Xom.
  1180 | D:2      | Found a shimmering altar of Xom.
  1367 | D:2      | You fall through a shaft!
  1386 | D:3      | Reached XP level 4. HP: 31/37 MP: 6/6
  1520 | D:2      | HP: 1/37 [adder (2)]
  1524 | D:2      | Succumbed to an adder's poison

Skill      XL: |  1 |
---------------+----+-----
Dodging        | 1 |  1.5
Fighting       | |  3.8
Axes           | |  2.5
Armour         | |  2.7
Invocations    | |  2.9

Action                   |  1- 3 |  4- 6 || total
-------------------------+-------+-------++-------
Melee: Broad axe         |   116 |    33 ||   149
Invok: Depart the Abyss  |     1 |       ||     1
  Use: Potion            |       |     1 ||     1
  Eat: Chunk             |     2 |       ||     2
Armor: Leather armour    |    14 |       ||    14
       Scale mail        |    55 |    12 ||    67
Dodge: Dodged            |    96 |    32 ||   128
